 Dungeon Crawl Stone Soup version 0.30-a0-738-g116ff8c4af (webtiles) character file.

Game seed: 15158886158025132524

384 KleinerIrrer the Slasher (level 7, 0/1 (55) HPs)
             Began as a Formicid Gladiator on Feb 3, 2023.
             Slain by a river rat (1 damage)
             ... in a sewer.
             The game lasted 00:09:01 (4282 turns).

KleinerIrrer the Slasher (Formicid Gladiator)       Turns: 4282, Time: 00:09:01

HP:   0/1 (55)      AC:  4    Str: 19    XL:     7   Next: 6%
MP:   7/7           EV: 13    Int:  7    God:
Gold: 137           SH:  0    Dex: 17    Spells: 6/6 levels left

rFire   . . .      SeeInvis +    a - +0 long sword
rCold   . . .      Faith    .    (no shield)
rNeg    . . .      Spirit   .    b - +1 leather armour
rPois   .          Reflect  .    (helmet unavailable)
rElec   .          Harm     .    (no cloak)
rCorr   .          Rampage  .    (no gloves)
Will    .....                    (no boots)
Stlth   +                        (no amulet)
HPRegen 0.20/turn                (no ring)
MPRegen 0.10/turn                (no ring)

@: extremely drained
A: permanent stasis, dig shafts and tunnels, antennae 3, four strong arms
a: Dig


You were in a sewer.
You visited 1 branch of the dungeon, and saw 4 of its levels.
You also visited: Sewer.

You collected 137 gold pieces.

Inventory:

Hand Weapons
 a - a +0 long sword (weapon)
Missiles
 c - 3 throwing nets (quivered)
 d - a javelin
 j - 4 poisoned darts
Armour
 b - a +1 leather armour (worn)
Scrolls
 f - 2 scrolls of identify {unknown}
 h - a scroll of fear {unknown}
 i - a scroll of teleportation
 k - a scroll of enchant armour
 l - 3 scrolls of blinking
 p - 2 scrolls of fog
 s - a scroll of torment {unknown}
 u - a scroll of amnesia {unknown}
Potions
 e - a potion of flight {unknown}
 g - 2 potions of brilliance {unknown}
 m - 2 potions of berserk rage {unknown}
 n - 4 potions of curing
 o - 2 potions of haste {unknown}
 q - 2 potions of degeneration {unknown}
 r - 2 potions of heal wounds {unknown}
 t - a potion of might {unknown}
 v - a potion of cancellation {unknown}


   Skills:
 + Level 4.7 Fighting
 + Level 4.8 Long Blades
 - Level 2.0 Throwing
 + Level 1.0 Armour
 - Level 4.2 Dodging


You had 6 spell levels left.
You didn't know any spells.
Your spell library was empty.

Dungeon Overview and Level Annotations

Branches:
Dungeon (4/15)              Sewer (1/1)
 Temple: D:4-7

Altars:
Hepliaklqana
Sif Muna

Shops:
D:1 ?:

Annotations:
D:3 1 runed translucent door, Crazy Yiuf


Innate Abilities, Weirdness & Mutations

You cannot be hasted, slowed, berserked, paralysed or teleported.
You can dig through walls and to a lower floor.
You have a pair of large antennae on your head. (SInv)
Your four strong arms can wield two-handed weapons with a shield.


Message History

You dig through the rock wall.
You feel drained.
You can't dig through that.
You extend your mandibles.
You dig through the rock wall.
You feel drained.
You dig through the rock wall.
You feel drained.
You dig through the rock wall.
You feel drained.
You dig through the rock wall.
You feel drained.
You dig through the rock wall.
You feel drained.
You dig through the rock wall.
You feel drained.
You dig through the rock wall.
You feel drained.
You dig through the rock wall.
You feel drained.
You dig through the rock wall.
You feel drained.
You dig through the rock wall.
You feel drained.
You dig through the rock wall.
You feel drained.
You dig through the rock wall.
You feel drained.
You dig through the rock wall.
You feel drained.
You dig through the rock wall.
You feel drained.
You dig through the rock wall.
You feel drained.
You dig through the rock wall.
You feel drained.
You dig through the rock wall.
You feel drained.
You dig through the rock wall.
You feel drained.
You dig through the rock wall.
You feel drained.
You dig through the rock wall.
You feel drained.
You dig through the rock wall.
You feel drained.
You dig through the rock wall.
You feel drained.
You dig through the rock wall.
You feel drained.
You dig through the rock wall.
You feel drained.
You dig through the rock wall.
You feel drained.
You dig through the rock wall.
You feel drained.
You dig through the rock wall.
You feel drained.
You dig through the rock wall.
You feel drained.
You dig through the rock wall.
You feel drained.
You dig through the rock wall.
You feel drained.
A river rat comes into view.
You retract your mandibles.
You hit the river rat.
You punch the river rat, but do no damage.
The river rat is heavily wounded.
The river rat bites you.
Ouch! That really hurt!
You die...

.#######
########################
.#
≈≈≈≈#≈~.~~~.~~~.~~~~~~~~
.#
≈≈≈≈#≈~.....~~..÷~~~÷.~~
.#
########################
.# { .# { .#
.################# { {
#...............@#
#################r# #.#
## {
########################
≈≈≈≈#≈~.~...~~.~~~..~~~~
≈≈≈≈#≈~.~.~~~.†~~...~~~~
########################


You could see a river rat.

Vanquished Creatures
  2 orc priests (D:4)
  A hound (D:3)
  An iguana (D:3)
  An orc wizard (D:3)
  8 adders
  7 river rats (Sewer)
  A worm (D:2)
  2 dart slugs
  3 orcs (D:3)
  19 ball pythons
  6 bats
  6 endoplasms
  6 giant cockroaches
  6 goblins
  4 hobgoblins
  5 jackals
  4 quokkas
  9 frilled lizards
  7 kobolds
  12 rats
110 creatures vanquished.

Vanquished Creatures (others)
  2 fungi (D:3)
2 creatures vanquished.

Grand Total: 112 creatures vanquished

Notes
Turn   | Place    | Note
-------+----------+-------------------------------------------
     0 | D:1      | KleinerIrrer the Formicid Gladiator began the quest for the
                  | Orb.
     0 | D:1      | Reached XP level 1. HP: 16/16 MP: 1/1
    79 | D:1      | Reached XP level 2. HP: 23/23 MP: 2/2
   108 | D:1      | Found Tunynec's Magic Scroll Boutique.
   262 | D:1      | Reached XP level 3. HP: 28/28 MP: 3/3
   444 | D:1      | Found Kiext's Book Shoppe.
   931 | D:2      | Reached XP level 4. HP: 33/35 MP: 4/4
   947 | D:2      | Found a shimmering blue altar of Sif Muna.
   965 | D:2      | Found a faded altar of an unknown god.
  1923 | D:3      | Found a hazy altar of Hepliaklqana.
  1939 | D:3      | Reached XP level 5. HP: 37/41 MP: 5/5
  2818 | D:3      | Found a runed translucent door.
  2819 | D:3      | Noticed Crazy Yiuf
  2885 | D:3      | Reached XP level 6. HP: 25/48 MP: 6/6
  3117 | D:4      | Found a glowing drain.
  3140 | Sewer    | Entered a sewer
  3472 | Sewer    | Reached XP level 7. HP: 55/55 MP: 7/7
  3712 | Sewer    | Reached skill level 1 in Armour
  4282 | Sewer    | Slain by a river rat

Illustrated notes

Levels and vault maps discovered:
D:1:      lemuel_arrival_behind_the_door_large, layout_loops_ring, serial_shops,
          shop, shop, minmay_unequal
D:2:      layout_loops_cross, basic_altar, nicolae_ecumenical_lake_church,
          guppyfry_early_lair_pool
D:3:      layout_loops_ring, nicolae_hepliaklqana_hazy_memory,
          minmay_snake_closets, uniq_crazy_yiuf_cottage
D:4:      layout_loops_ring, cheibrodos_sewer_entry_drain,
          ebering_ghost_sewer_d, nrook_campfire, hangedman_decor_clover_reticule
Sewer:    sewer_co_cracked_pipes

Skill      XL: |  1  2  3  4  5  6  7 |
---------------+----------------------+-----
Dodging        | 3 4 |  4.2
Fighting       | 3 4 |  4.7
Long Blades    | 4 |  4.8
Armour         | 1 |  1.0
Throwing       | |  2.0

Action                     |  1- 3 |  4- 6 |  7- 9 || total
---------------------------+-------+-------+-------++-------
  Melee: Long sword        |    79 |   284 |    38 ||   401
         Punch             |     1 |     2 |     1 ||     4
  Throw: Throwing net      |       |     1 |       ||     1
Ability: Dig               |       |       |     7 ||     7
    Use: Scroll            |       |     4 |       ||     4
         Potion            |       |     1 |       ||     1
   Stab: Sleeping          |     2 |     6 |       ||     8
         Distracted        |     1 |       |       ||     1
 Armour: Leather armour    |    20 |    58 |    13 ||    91
  Dodge: Dodged            |    80 |   204 |    23 ||   307

Table legend: (Time is in decaauts)
 A = Elapsed time spent in this place.
 B = Non-inter-level travel time spent in this place.
 C = Inter-level travel time spent in this place.
 D = Time resting spent in this place.
 E = Time spent auto-exploring this place.
 F = Levels seen in this place.
 G = Mean time per level.
                   A        B        C        D        E       F      G
               +--------+--------+--------+--------+--------+-----+--------+
         Total |   4423 |   4254 |    169 |    418 |   2639 |   5 |  884.6 |
       Dungeon |   3203 |   3034 |    169 |    120 |   2215 |   4 |  800.8 |
         Sewer |   1220 |   1220 |      0 |    298 |    424 |   1 | 1220.0 |
               +--------+--------+--------+--------+--------+-----+--------+

Top non-repeatable levels by time:
     D:3: 1271 daAuts
   Sewer: 1220 daAuts
     D:2: 997 daAuts
     D:1: 747 daAuts
     D:4: 187 daAuts
